 Dungeon Crawl Stone Soup version 0.28.0-43-g3370ac3207 (webtiles) character file.

Game seed: 10262195699985866187

90 Zeld the Firebug (level 4, 0/24 HPs)
             Began as a Deep Elf Fire Elementalist on Mar 15, 2022.
             Slain by Sigmund
             ... wielding a +0 scythe
              (1 damage)
             ... on level 3 of the Dungeon.
             The game lasted 00:01:51 (2805 turns).

Zeld the Firebug (Deep Elf Fire Elementalist)       Turns: 2805, Time: 00:01:51

Health: 0/24       AC:  5    Str:  5    XL:     4   Next: 32%
Magic:  1/12       EV: 13    Int: 22    God:
Gold:   124        SH:  0    Dex: 15    Spells: 8/11 levels left

rFire   . . .      SeeInvis .   (no weapon)
rCold   . . .      Faith    .   (no shield)
rNeg    . . .      Spirit   .   a - +0 robe
rPois   .          Reflect  .   (no helmet)
rElec   .          Harm     .   i - +0 cloak
rCorr   .          Rampage  .   b - +0 pair of gloves
Will    .....                   g - +0 pair of boots
Stlth   +.........              (no amulet)
HPRegen 0.08/turn               (no ring)
MPRegen 0.13/turn               (no ring)

@: confused
A: no striking features
a: no special abilities


You were on level 3 of the Dungeon.
You visited 1 branch of the dungeon, and saw 3 of its levels.

You collected 124 gold pieces.

Inventory:

Armour
 a - a +0 robe (worn)
 b - a +0 pair of gloves (worn)
 g - a +0 pair of boots (worn)
 i - a +0 cloak (worn)
Wands
 h - a wand of paralysis (13)
Scrolls
 j - a scroll of fear {unknown}
 l - a scroll of magic mapping {unknown}
Potions
 c - a potion of lignification {unknown}
 d - a potion of brilliance {unknown}
 e - a potion of heal wounds {unknown}
 f - a potion of degeneration {unknown}
 k - 2 potions of berserk rage {unknown}
 m - a potion of ambrosia {unknown}


   Skills:
 + Level 3.0 Dodging
 + Level 3.0 Stealth
 * Level 4.2 Spellcasting
 + Level 1.8 Conjurations
 * Level 4.2 Fire Magic


You had 8 spell levels left.
You knew the following spells:

 Your Spells              Type           Power      Damage    Failure   Level
a - Foxfire               Conj/Fire      72%        2x1d7     3%          1
b - Scorch                Fire           46%        2d7       3%          2

Your spell library contained the following spells:

 Spells                   Type           Power      Damage    Failure   Level
 Conjure Flame            Conj/Fire      18%        6-21      10%         3
 Inner Flame              Hex/Fire       14%        N/A       14%         3
 Ignite Poison            Fire/Tmut/Pois 10%        N/A       19%         3
 Mephitic Cloud           Conj/Pois/Air  7%         N/A       26%         3
 Flame Wave               Conj/Fire      18%        2d6       30%         4
 Freezing Cloud           Conj/Ice/Air   3%         6-21      93%         5


Dungeon Overview and Level Annotations

Branches:
Dungeon (3/15)

Altars:

Shops:
D:2 =:

Annotations:
D:3 Sigmund


Message History

Sigmund barely misses you.
Unknown command.
Casting: Scorch (safe; 3% risk of failure)
Confirm with . or Enter, or press ? or * to list all spells.
Flames lash Sigmund.
Sigmund is burned terribly!
Sigmund is heavily wounded.
Unknown command.
Casting: Scorch (safe; 3% risk of failure)
Confirm with . or Enter, or press ? or * to list all spells.
Flames lash Sigmund.
Sigmund is heavily wounded.
Sigmund misses you.
Unknown command.
Casting: Scorch (safe; 3% risk of failure)
Confirm with . or Enter, or press ? or * to list all spells.
Flames lash Sigmund.
Sigmund is heavily wounded.
Sigmund hits you from afar with a +0 scythe.
Unknown command.
Casting: Scorch (safe; 3% risk of failure)
Confirm with . or Enter, or press ? or * to list all spells.
Flames lash Sigmund.
Sigmund is burned terribly!
Sigmund is almost dead.
Unknown command.
Casting: Scorch (safe; 3% risk of failure)
Confirm with . or Enter, or press ? or * to list all spells.
You don't have enough magic to cast this spell.
Sigmund mumbles some strange words.
Sigmund flickers and vanishes!
Deactivating autopickup; reactivate with Ctrl-A.
You hear some strange, mumbled words.
You are confused.
Something hits you!
* * * LOW HITPOINT WARNING * * *
A puff of flame appears from out of thin air!
The puff of flame hits you.
* * * LOW HITPOINT WARNING * * *
You see here 2 silvery potions.
You bump into the rock wall.
Something hits you.
You die...

#.# #.# ####>#
..#.##### #.#.#...
###.#.#.#
#<@!....####..
#............#
#.............####
#####...#....[....
#.........####
###.#....##
#.##.### #.##.#
..##.#


There were no monsters in sight!

Vanquished Creatures
  3 adders (D:2)
  3 worms (D:2)
  2 dart slugs
  8 endoplasms
  5 goblins
  4 hobgoblins
  3 kobolds (D:2)
  2 quokkas (D:2)
  6 ball pythons
  5 bats (D:1)
  5 frilled lizards
  3 rats
49 creatures vanquished.

Vanquished Creatures (others)
  225 foxfires
225 creatures vanquished.

Grand Total: 274 creatures vanquished

Notes
Turn   | Place    | Note
-------+----------+-------------------------------------------
     0 | D:1      | Zeld the Deep Elf Fire Elementalist began the quest for the
                  | Orb.
     0 | D:1      | Reached XP level 1. HP: 10/10 MP: 6/6
   348 | D:1      | Found a faded altar of an unknown god.
   645 | D:1      | Reached XP level 2. HP: 15/15 MP: 6/8
   648 | D:1      | Learned a level 2 spell: Scorch
  1271 | D:2      | Reached XP level 3. HP: 19/19 MP: 7/10
  2026 | D:2      | Reached XP level 4. HP: 24/24 MP: 9/12
  2060 | D:2      | Found Wekhal's Jewellery Shop.
  2278 | D:2      | Found Enufual's Book Boutique.
  2793 | D:3      | Noticed Sigmund
  2803 | D:3      | HP: 1/24 [something/puff of flame (6)]
  2805 | D:3      | Slain by Sigmund

Illustrated notes

Levels and vault maps discovered:
D:1:      ebering_trefoil_twist, layout_basic,
          dilly_ecumenical_altar_fadedgnrine
D:2:      layout_basic, serial_shops, shop, nicolae_shop_trees
D:3:      layout_loops_ring, trog_wizard, st_stairs_14, uniq_sigmund

Skill      XL: |  1  2  3  4 |
---------------+-------------+-----
Spellcasting   | 4 |  4.2
Fire Magic     | 4 |  4.2
Stealth        | 3 |  3.0
Dodging        | 3 |  3.0
Conjurations   | |  1.8

Action                   |  1- 3 |  4- 6 || total
-------------------------+-------+-------++-------
 Cast: Foxfire           |   101 |    33 ||   134
       Scorch            |     2 |     6 ||     8
Armor: Robe              |     1 |       ||     1
Dodge: Dodged            |     3 |     2 ||     5
